 Dungeon Crawl Stone Soup version 0.01-2159-gef019014af (webtiles) character file.

Game seed: 12024689039078095707, levelgen mode: deterministic

702 Lanoc the Skirmisher (level 7, -2/64 HPs) Magenta Draconian Demonspawn. Began on June 25, 2020. Slain by a shadow imp (6 damage) ... on level 3 of the Dungeon. The game lasted 00:08:06 (1740 turns).

Lanoc the Skirmisher (Magenta Draconian Demonspawn) Turns: 1740, Time: 00:08:07

Health: -2/64      AC:  9    Str: 16    XL:     7 ^: 423
Magic:  11/11      EV: 14    Int: 12    God:
Gold:   125        SH:  0    Dex: 13    Spells: 10/11 levels left

rFire    . . .     Vision   .   a - +0 long sword
rCold    . . .     Gourm    +   (no weapon)
rNeg     . . .     Faith    .   (armour unavailable)
rPois    .         Spirit   .   (helmet restricted)
rElec    .         Reflect  .   (no cloak)
rCorr    .         Harm     .   g - +0 pair of clawed gauntlets
MR       .....                  (no boots)
Stlth    ++........             j - amulet of the gourmand
HPRegen  0.31/turn              (no ring)
MPRegen  0.21/turn              (no ring)

@: repel missiles
A: no body armour, unfitting armour, claws 1, molten scales 1, powered by death
1, cold-blooded, charms enhancer 1, rMsl, AC +7
a: Breathe Fog


You were on level 3 of the Dungeon.
You were not hungry.

You visited 1 branch of the dungeon, and saw 4 of its levels.

You collected 125 gold pieces.

Inventory:

Weapons
 a - a +0 long sword (weapon)
Armour
 g - a +0 pair of clawed gauntlets (worn)
Jewellery
 j - an amulet of the gourmand (around neck)
Wands
 i - a wand of random effects (17)
Scrolls
 b - a scroll of blinking
 e - 5 scrolls of teleportation
 f - 2 scrolls of amnesia
 h - a scroll of magic mapping
 k - a scroll of fog
Potions
 d - a potion of agility
 l - a potion of heal wounds
Comestibles
 c - 9 rations


   Skills:
 + Level 6.7 Fighting
 - Level 1.5 Long Blades
 + Level 5.0 Dodging
 - Level 1.3 Stealth
 - Level 2.6 Spellcasting
   Level 3.0 Invocations


You had 10 spell levels left.
You knew the following spells:

 Your Spells              Type           Power        Failure   Level  Hunger
a - Flame Tongue          Fire           1 (40)       26%         1    #......

Your spell library contained the following spells:

 Spells                   Type           Power        Failure   Level  Hunger
 Blink                    Tloc           N/A          36%         2    ###....
 Call Imp                 Summ           1 (100)      36%         2    ###....
 Slow                     Hex            1 (100)      36%         2    ###....
 Conjure Flame            Fire           1 (100)      58%         3    ###....
 Mephitic Cloud           Pois/Air       1 (100)      58%         3    ###....


Dungeon Overview and Level Annotations

Branches:
Dungeon (4/8)
 Temple: D:4

Altars:
Trog
Yredelemnul

Annotations:
D:4 Psyche


Innate Abilities, Weirdness & Mutations

You cannot fit into any form of body armour.
Your hazy amethyst scales are hard. (AC +7)
You can breathe clouds of thick fog.
You have sharp fingernails. (+2 Unarmed)
You are partially covered in molten scales. (AC +2)
You regenerate a little health from kills.
You are cold-blooded and may be slowed by cold attacks.
You are in touch with the powers of charms.
Your hazy amethyst scales passively repel missiles. (rMsl)


Message History

You hit the ogre (2).
The ogre is heavily wounded. (11/25) HP You hit the ogre (3).
The ogre is severely wounded. (8/25) HP Something hits you (2).
The orc hits you with a +0 dagger (3).
The ogre hits you with a +0 giant spiked club (25)!!
Something hits you but does no damage.
A wight comes into view.
The ogre barely misses you (0).
You riposte.
You hit the ogre (1).
The ogre is severely wounded. (7/25) HP Something hits you but does no damage.
You climb upwards.
There is a stone staircase leading down here.
You hit something (5). You hit something but do no damage.
The orc warrior hits you with a +0 dire flail (7)!
Something hits you (5). The ogre closely misses you (0).
The orc warrior hits you with a +0 dire flail (20)!!
* * * LOW HITPOINT WARNING * * *
Something hits you (6).
You die...

..........##..##.##...........##.
..........#......######.......##.
..........#.#.#..# #.......###
..........#......# #.......#
#########.#.#....# #.......#
........#.#.#....# #.......#
...####.#.###....# #.......#
##.#..........<..######.......#
#.......######{@#............###
##.............O>o...............
.........########.....[..........
##.......# #................
#.......# #.......#.###....
#.......# #.......#.# #....
#.......# #.......#.# #####
##.......##### #.<.......#
.............# ##.########


You could see an orc warrior and an ogre.

Vanquished Creatures
  2 big kobolds (D:2)
  A bullfrog (D:2)
  2 jellies (D:2)
  An iguana (D:3)
  A worker ant (D:3)
  A bullfrog skeleton (D:3)
  A gnoll (D:1)
  25 sewer rats (D:2)
  2 adders (D:2)
  9 cinder newts
  2 worms (D:2)
  A hound skeleton (D:3)
  2 dart slugs (D:1)
  5 leopard geckos
  5 giant cockroaches
  5 hobgoblins (D:1)
  16 kobolds
  A ball python (D:2)
  7 bats
  3 goblins (D:1)
  A goblin skeleton (D:2)
  A quokka skeleton (D:2)
  2 rats (D:1)
  A withered plant (D:2)
97 creatures vanquished.

Vanquished Creatures (others)
  2 sewer rats (D:2)
  A worm (D:2)
  2 oozes (D:2)
  2 ball pythons (D:2)
  A kobold (D:2)
  2 giant blowflies (D:2)
  84 withered plants (D:2)
94 creatures vanquished.

Grand Total: 191 creatures vanquished

Notes
Turn   | Place    | Note
-------+----------+-------------------------------------------
     0 | D:1      | Lanoc the Immature Draconian Demonspawn began the quest for
                  | the Orb.
     0 | D:1      | Reached XP level 1. HP: 18/18 MP: 4/4
    83 | D:1      | Gained mutation: You have sharp fingernails. (+2 Unarmed)
                  | [demonic ancestry]
    83 | D:1      | Reached XP level 2. HP: 18/25 MP: 5/5
    84 | D:1      | Reached skill level 3 in Fighting
   141 | D:1      | Reached XP level 3. HP: 26/31 MP: 7/7
   506 | D:2      | Reached XP level 4. HP: 40/40 MP: 4/8
   508 | D:2      | Reached skill level 4 in Fighting
   565 | D:2      | Gained mutation: You regenerate a little health from kills.
                  | [demonic ancestry]
   565 | D:2      | Reached XP level 5. HP: 29/47 MP: 6/9
   757 | D:2      | Reached skill level 5 in Fighting
   776 | D:2      | Reached XP level 6. HP: 55/56 MP: 4/10
   997 | D:2      | Reached skill level 6 in Fighting
  1039 | D:2      | Your scales start taking on a hazy amethyst colour.
  1039 | D:2      | Reached XP level 7. HP: 53/63 MP: 8/11
  1039 | D:2      | Gained mutation: You are partially covered in molten
                  | scales. (AC +2) [demonic ancestry]
  1039 | D:2      | Gained mutation: Your hazy amethyst scales passively repel
                  | missiles. (rMsl) [Magenta Draconian growth]
  1039 | D:2      | Gained mutation: You are in touch with the powers of
                  | charms. [Magenta Draconian growth]
  1261 | D:3      | Found a bloodstained altar of Trog.
  1465 | D:3      | Reached skill level 5 in Dodging
  1702 | D:4      | Noticed Psyche
  1702 | D:4      | Noticed a two-headed ogre
  1733 | D:4      | Found a basalt altar of Yredelemnul.
  1739 | D:3      | HP: 3/64 [orc warrior/+0 dire flail (20)]
  1740 | D:3      | Slain by a shadow imp

Levels and vault maps discovered:
D:1:      matt_arrival_diagonals, layout_basic
D:2:      layout_sewer, first_ration
D:3:      layout_basic, bloody_trog
D:4:      layout_cave_pools, lemuel_crystal_altar, kennysheep_mini,
          minmay_temple_entry_junction_2, serial_shops, shop_fountains,
          uniq_psyche

Skill      XL: |  1  2  3  4  5  6  7 |
---------------+----------------------+-----
Fighting       | 3 4 5 6 |  6.7
Dodging        | 3 4 5 |  5.0
Long Blades    | |  1.5
Stealth        | |  1.3
Spellcasting   | |  2.6
Invocations    | |  3.0

Action                   |  1- 3 |  4- 6 |  7- 9 || total
-------------------------+-------+-------+-------++-------
Melee: Long sword        |    54 |    48 |    62 ||   164
       Unarmed           |    33 |    37 |    49 ||   119
       Tailslap          |     2 |     8 |    10 ||    20
 Cast: Flame Tongue      |     2 |    43 |     2 ||    47
 Abil: Breathe Dart      |     1 |       |       ||     1
       Breathe Fog       |       |       |     1 ||     1
  Use: Potion            |     1 |       |       ||     1
 Stab: Sleeping          |     3 |     1 |     1 ||     5
       Distracted        |       |     1 |       ||     1
  Eat: Chunk             |       |     2 |     8 ||    10
Armor: Skin              |    17 |    26 |    27 ||    70
Dodge: Dodged            |    61 |    49 |    95 ||   205
       Rpst.: Unarmed    |    20 |    18 |    28 ||    66
       Long sword        |    19 |    16 |    28 ||    63
